 Dungeon Sprint DCSS version 0.19-b1-4-gd8a0a2a (webtiles) character file.

83 LORDOFBUTT the Sneak (level 4, -7/21 HPs)
             Began as a Spriggan Enchanter on Oct 31, 2016.
             Killed from afar by a smoke demon (15 damage)
             ... with a ball of steam
             ... summoned by a deep elf mage
             ... in the Dungeon (Sprint III: "The Ten Rune Challenge").
             The game lasted 00:01:47 (411 turns).

LORDOFBUTT the Sneak (Spriggan Enchanter)            Turns: 411, Time: 00:01:48

Health: -7/21      AC:  3    Str:  4    XL:     4   Next: 22%
Magic:  12/12      EV: 21    Int: 17    God:
Gold:   29         SH:  0    Dex: 16    Spells: 2 memorised, 11 levels left

rFire  . . .     SeeInvis +     a - +1 dagger
rCold  . . .     Gourm    .     b - +1 robe
rNeg   . . .     Faith    .     (shield restricted)
rPois  .         Spirit   .     (helmet restricted)
rElec  .         Reflect  .     (no cloak)
rCorr  .         Harm     .     (gloves unavailable)
MR     .....     NoTele   +     (boots unavailable)
Stlth  +++.......               (no amulet)
                                (no ring)
                                (no ring)

@: very quick
A: unfitting armour, see invisible, herbivore 3, speed 3, slow metabolism 2
a: no special abilities


You were in the Dungeon.
You were not hungry.

You visited 1 branch You collected 29 gold pieces.

Inventory:

Hand Weapons
 a - a +1 dagger (weapon)
Armour
 b - a +1 robe (worn)
Scrolls
 i - 2 scrolls of holy word {unknown}
 j - a scroll of blinking
 k - a scroll of identify {unknown}
 l - 4 scrolls of remove curse
Potions
 e - 2 potions of curing
 f - 2 potions of mutation {unknown}
 g - a potion of cure mutation {unknown}
 h - 2 potions of magic
 n - a potion of flight {unknown}
 o - 2 potions of cancellation {unknown}
 p - 2 potions of beneficial mutation {unknown}
Books
 c - a book of Maledictions

   Spells                             Type                      Level
   a - Corona                         Hexes                        1
   b - Ensorcelled Hibernation        Hexes/Ice                    2
   c - Confuse                        Hexes                        3
   d - Tukima's Dance                 Hexes                        3
   e - Dazzling Spray                 Conjuration/Hexes            3
Comestibles
 d - 2 bread rations
 m - a royal jelly


   Skills:
 + Level 3.3 Short Blades
 + Level 5.4 Dodging
 + Level 6.6 Stealth
 * Level 5.9 Spellcasting
 * Level 6.4 Hexes


You had 11 spell levels left.
You knew the following spells:

 Your Spells              Type           Power        Failure   Level  Hunger
a - Corona                Hex            ####...      1%          1    None
b - Ensorcelled Hibernat  Hex/Ice        ###...       6%          2    None


Dungeon Overview and Level Annotations

Branches:
Dungeon (1/1)

Altars:
Elyvilon
Zin
The Shining One


Innate Abilities, Weirdness & Mutations

You are very small and have problems with some larger weapons.
You are too small for most types of armour.
You have supernaturally acute eyesight. (SInv)
You are a herbivore.
You cover ground extremely quickly.
You need consume almost no food.


Message History

The deep elf mage blinks!
g - a white potion The deep elf mage misses you.
There is an open door here.
You hit the deep elf mage.
The deep elf mage is almost dead.
You hit the deep elf mage.
The deep elf mage is almost dead.
The deep elf mage mumbles some strange words.
The deep elf mage blinks!
The deep elf mage mumbles some strange words.
The deep elf mage casts a spell.
The deep elf mage hits you with a long sword of holy wrath.
You hit the deep elf mage.
The deep elf mage is almost dead.
The redback bites you. The tarantella bites you.
The smoke demon gestures at you. The ball of steam hits you!
Ouch! That really hurt!
You die...

▓▓ ▓▓▓ .♣♣♣ ♣.#####
...♣ ♣.#___# ...♣
♣.#...# ..≈♣♣
♣.###'#+###+## .≈≈.♣
♣.#.....ss3..#
≈≈≈≈♣♣♣♣.'.⌠....@es.#
≈≈≈≈≈≈.♣.#...######+#
≈≈≈≈≈....#.⌠.#
≈≈≈≈.....#...#
≈≈.......#+###
.........# .........#
▓▓▓▓▓▓▓▓▓▓


You could see a deep elf mage, a smoke demon, a tarantella and 2 redbacks.

Vanquished Creatures
  A water elemental (D)
  A human (D)
  An ooze (D)
  A phantom (D)
  3 rats (D)
7 creatures vanquished.

Vanquished Creatures (others)
  2 draconian scorchers (D)
  2 yaktaurs (D)
  6 hellions (D)
10 creatures vanquished.

Grand Total: 17 creatures vanquished

Notes
Turn   | Place    | Note
-------+----------+-------------------------------------------
     0 | D        | LORDOFBUTT the Spriggan Enchanter began the quest for the Orb.
     0 | D        | Reached XP level 1. HP: 9/9 MP: 5/5
    13 | D        | Reached skill level 5 in Stealth
    68 | D        | Killed a yaktaur
    78 | D        | Reached skill level 5 in Hexes
    78 | D        | Reached XP level 2. HP: 11/13 MP: 5/8
   109 | D        | Learned a level 2 spell: Ensorcelled Hibernation
   173 | D        | Reached XP level 3. HP: 7/16 MP: 10/10
   176 | D        | Killed a hellion
   179 | D        | Killed a hellion
   180 | D        | Killed a hellion
   181 | D        | Killed a hellion
   223 | D        | Killed a hellion
   273 | D        | Killed a white draconian scorcher
   287 | D        | Killed a hellion
   317 | D        | Killed a white draconian scorcher
   370 | D        | Noticed a water elemental
   373 | D        | Killed a water elemental
   373 | D        | Reached skill level 5 in Dodging
   373 | D        | Reached skill level 5 in Spellcasting
   373 | D        | Reached XP level 4. HP: 21/21 MP: 10/12
   393 | D        | Found a glowing silver altar of Zin.
   393 | D        | Found a glowing golden altar of the Shining One.
   393 | D        | Found a white marble altar of Elyvilon.
   394 | D        | Noticed a deep elf mage
   405 | D        | Killed a yaktaur
   408 | D        | Noticed a smoke demon
   410 | D        | Noticed a redback
   410 | D        | Noticed a redback
   410 | D        | Noticed a tarantella
   411 | D        | Killed from afar by a smoke demon

Skill      XL: |  1  2  3 |
---------------+----------+-----
Spellcasting   | 4 5 |  5.9
Hexes          | 5 6 |  6.4
Stealth        | 5 6 |  6.6
Short Blades   | 2 3 |  3.3
Dodging        | 4 5 |  5.4

Action                   |  1- 3 |  4- 6 || total
-------------------------+-------+-------++-------
Melee: Dagger            |    44 |     7 ||    51
 Cast: Corona            |     3 |       ||     3
  Use: Potion            |     3 |       ||     3
 Stab: Sleeping          |     4 |     1 ||     5
Armor: Robe              |     4 |     1 ||     5
Dodge: Dodged            |    21 |     2 ||    23
